 Dungeon Crawl Stone Soup version 0.26-a0-812-g31a745ddcd (webtiles) character file.

Game seed: 9017423831320644800

164 kae the Insei (level 5, -2/29 HPs)
             Began as a Tengu Transmuter on Nov 19, 2020.
             Succumbed to an adder's poison
             ... on level 3 of the Dungeon.
             The game lasted 00:04:15 (2417 turns).

kae the Insei (Tengu Transmuter)                    Turns: 2417, Time: 00:04:15

Health: -2/29      AC:  2    Str: 11    XL:     5   Next: 45%
Magic:  6/9        EV: 20    Int: 14    God:
Gold:   133        SH:  0    Dex: 19    Spells: 4/8 levels left

rFire    + . .     SeeInvis .     - Unarmed
rCold    . . .     Faith    .   (shield currently unavailable)
rNeg     . . .     Spirit   .   (armour currently unavailable)
rPois    x         Reflect  .   (helmet currently unavailable)
rElec    .         Harm     .   (cloak currently unavailable)
rCorr    .         Rampage  .   (gloves currently unavailable)
MR       .....                  (boots unavailable)
Stlth    ++........             (no amulet)
HPRegen  0.09/turn              g - ring of protection from fire
MPRegen  0.11/turn              (no ring)

@: mighty, lethally poisoned (-2 -> -33), spider-form (expiring), attractive
A: tiny, able to fly
a: Fly, End Transformation


You were on level 3 of the Dungeon.
You were a venomous arachnid creature.
You visited 1 branch of the dungeon, and saw 3 of its levels.

You collected 133 gold pieces.

Inventory:

Armour
 a - a +0 robe (melded)
Jewellery
 g - a ring of protection from fire (left front leg)
 l - an uncursed ring of protection from fire
Wands
 e - a wand of digging (1)
 f - a wand of disintegration (15)
Scrolls
 j - a scroll of amnesia
Potions
 b - a potion of brilliance
 c - a potion of haste
 h - a potion of attraction
 k - a potion of flight {unknown}


   Skills:
 - Level 1.0 Fighting
 - Level 2.1 Dodging
 + Level 4.5 Unarmed Combat
 * Level 2.0 Spellcasting
 * Level 3.8 Transmutations
 * Level 0.0 Poison Magic


You had 4 spell levels left.
You knew the following spells:

 Your Spells              Type           Power        Failure   Level
a - Beastly Appendage     Tmut           ##....       14%         1
b - Spider Form           Tmut/Pois      #.........   54%         3

Your spell library contained the following spells:

 Spells                   Type           Power        Failure   Level
 Wereblood                Tmut           ##......     21%         2
 Ice Form                 Ice/Tmut       #.......     87%         4
 Blade Hands              Tmut           ##........   92%         5


Dungeon Overview and Level Annotations

Branches:
Dungeon (3/15)

Altars:
Ashenzari
Nemelex Xobeh

Annotations:
D:3 Terence


Innate Abilities, Weirdness & Mutations

((You have a beak for a mouth.))
((You have claws for feet.))
You can fly continuously.


Message History

The adder bites you.
You are lethally poisoned!
The adder poisons you!
Terence opens the door.
The adder bites you.
* * * LOW HITPOINT WARNING * * *
You are more poisoned.
The adder poisons you!
You closely miss the adder.
The adder is heavily wounded.
Your transformation is almost over.
* * * LOW HITPOINT WARNING * * *
You feel very sick.
Terence says, "Rest in peace."
The adder closely misses you.
It was a potion of attraction.
You feel attractive to monsters.
* * * LOW HITPOINT WARNING * * *
You feel sick. The adder barely misses you. Terence completely misses you.
It was a potion of might.
You feel very mighty all of a sudden.
You die...

####.#.#.#.##.##.##..........
........#.......#......##.#.
#.##.#.###......#.....## ..
..##.#.# ##.....#....## .
.....#.. ##....#...##
#.####... ##...#..##. . #.#
#.... ##..#.##.... ..#
#.#.....####@#..... ..#
........#.sS#...... ###
######._.####### ### .#...#.
..# ...######.. ..#
.?..##.#..##... ..#
...##..#...##.. ..#
..##...#....##. ..#
.##....#.....## ..#####
##.....#......##


You could see Terence and an adder (very poisoned).

Vanquished Creatures
  A bullfrog (D:3)
  3 gnolls
  An adder (D:2)
  An ooze (D:1)
  2 worms (D:2)
  2 dart slugs
  2 leopard geckos
  8 bats
  4 giant cockroaches
  7 hobgoblins
  2 kobolds
  5 frilled lizards
  6 goblins
  4 rats
48 creatures vanquished.

Notes
Turn   | Place    | Note
-------+----------+-------------------------------------------
     0 | D:1      | kae the Tengu Transmuter began the quest for the Orb.
     0 | D:1      | Reached XP level 1. HP: 12/12 MP: 4/4
   193 | D:1      | Reached XP level 2. HP: 16/16 MP: 4/6
   807 | D:1      | Reached XP level 3. HP: 20/20 MP: 5/7
  1449 | D:2      | Found a sparkling altar of Nemelex Xobeh.
  1605 | D:2      | Reached skill level 4 in Unarmed Combat
  1605 | D:2      | Reached XP level 4. HP: 20/25 MP: 6/8
  1867 | D:3      | Found a broken altar of Ashenzari.
  1930 | D:3      | Noticed a bullfrog
  1952 | D:2      | Learned a level 3 spell: Spider Form
  2312 | D:3      | Killed a bullfrog
  2312 | D:3      | Gained mutation: You can fly continuously. [Tengu growth]
  2312 | D:3      | Reached XP level 5. HP: 27/29 MP: 5/9
  2383 | D:3      | Noticed Terence
  2416 | D:3      | HP: 1/29 [poisoned by an adder]
  2417 | D:3      | Succumbed to an adder's poison

Illustrated notes

Levels and vault maps discovered:
D:1:      lemuel_arrival_broad_hall, layout_loops_cross
D:2:      layout_rooms, nemelex_altar_shiori, minmay_misc_feat_chi
D:3:      layout_loops_cross, lemuel_round_altar, tso_altar,
          nicolae_ashenzari_panopticon, minivault_23, kennysheep_generic_room_2,
          uniq_natasha, uniq_sigmund, uniq_terence

Skill      XL: |  1  2  3  4 |
---------------+-------------+-----
Transmutations | 2 3 |  3.8
Unarmed Combat | 4 |  4.5
Fighting       | |  1.0
Dodging        | |  2.1
Spellcasting   | |  2.0

Action                   |  1- 3 |  4- 6 || total
-------------------------+-------+-------++-------
Melee: Unarmed           |    79 |    35 ||   114
       Kick              |    18 |     5 ||    23
       Headbutt          |     9 |     1 ||    10
       Peck              |    12 |     1 ||    13
       Punch             |     2 |       ||     2
 Cast: Beastly Appendage |    23 |     3 ||    26
       Spider Form       |       |     4 ||     4
  Use: Scroll            |     6 |     1 ||     7
       Potion            |       |     3 ||     3
 Stab: Sleeping          |     1 |       ||     1
Armor: Robe              |    25 |     8 ||    33
       Skin              |       |     1 ||     1
Dodge: Dodged            |    49 |    26 ||    75

Table legend: (Time is in decaauts)
 A = Elapsed time spent in this place.
 B = Non-inter-level travel time spent in this place.
 C = Inter-level travel time spent in this place.
 D = Time resting spent in this place.
 E = Time spent auto-exploring this place.
 F = Levels seen in this place.
 G = Mean time per level.
                   A        B        C        D        E       F      G
               +--------+--------+--------+--------+--------+-----+--------+
         Total |   2410 |   2371 |     39 |    321 |   1685 |   3 |  803.3 |
       Dungeon |   2410 |   2371 |     39 |    321 |   1685 |   3 |  803.3 |
               +--------+--------+--------+--------+--------+-----+--------+

Top non-repeatable levels by time:
     D:2: 1083 daAuts
     D:1: 1016 daAuts
     D:3: 310 daAuts
